 Dungeon Crawl Stone Soup version 0.17.1-3-g152610e (webtiles) character file.

85129 MixedWithMadness the Basher (level 14, -11/119 HPs)
             Began as a Demigod Fighter on Mar 10, 2016.
             Killed from afar by Nergalle (30 damage)
             ... with a bolt of negative energy
             ... on level 4 of the Orcish Mines on Mar 11, 2016.
             The game lasted 02:09:04 (36920 turns).

MixedWithMadness the Basher (Demigod Fighter)      Turns: 36920, Time: 02:09:04

Health: -11/119    AC: 32    Str: 27    XL:     14   Next: 98%
Magic:  26/26      EV: 10    Int: 12    God:
Gold:   778        SH:  0    Dex: 15    Spells: 4 memorised, 12 levels left

rFire  . . .     SeeInvis .     a - +2 flail (crush)
rCold  . . .     Clarity  .     Z - +9 plate armour {ponderous}
rNeg   . . .     SustAt   +     c - +0 shield
rPois  +         Gourm    .     n - +2 helmet
rElec  .         Spirit   .     p - +0 cloak
rCorr  .         Warding  .     d - +0 pair of gloves
rMut   .         Stasis   +     (no boots)
MR     +....                    w - amulet of stasis
Stlth  ..........               s - +4 ring of protection
                                L - ring of poison resistance

@: confused, heavily drained, slow, somewhat resistant to hostile enchantments,
extremely unstealthy
A: high mp 1, sustain attributes
a: no special abilities


You were on level 4 of the Orcish Mines.
You were not hungry.

You visited 3 branches of the dungeon, and saw 27 of its levels.
You also visited: Sewer.

You collected 1953 gold pieces.
You spent 1175 gold pieces at shops.

Inventory:

Hand Weapons
 a - a +2 flail of crushing (weapon)
 g - a +3 flail
 u - a +0 short sword of electrocution
 D - a cursed -1 flail
 E - a +0 mace of holy wrath
 X - the +4 dagger of Ru's Favour {antimagic, MR++}
   (You found it on level 11 of the Dungeon)

   It disrupts the flow of magical energy around spellcasters and certain
   magical creatures (including the wielder).
   It affects your resistance to hostile enchantments.
Armour
 c - a +0 shield (worn)
 d - a +0 pair of gloves (worn)
 n - a +2 helmet (worn)
 p - a +0 cloak (worn)
 I - a +2 fire dragon armour
 Z - a +9 plate armour of ponderousness (worn)
Jewellery
 b - an uncursed ring of positive energy
 s - a +4 ring of protection (right hand)
 w - an amulet of stasis (around neck)
 y - an uncursed amulet of the gourmand
 J - an uncursed ring of ice
 L - a ring of poison resistance (left hand)
 O - an uncursed amulet of resist mutation
 T - a +5 ring of intelligence
Wands
 q - a wand of hasting (4)
 A - a wand of heal wounds (0)
 B - a wand of enslavement (12)
 C - a wand of disintegration (16)
 F - a wand of polymorph (13)
 K - a wand of fire (9)
 M - a wand of frost (24)
 R - a wand of lightning (7)
 V - a wand of draining (4)
 Y - a wand of confusion (18)
Scrolls
 h - 2 scrolls of recharging
 i - 2 scrolls of teleportation
 j - a scroll of blinking
 k - 3 scrolls of magic mapping
 r - 3 scrolls of fear
 t - 9 scrolls of remove curse
 G - 3 scrolls of amnesia
Potions
 f - 4 potions of magic
 l - a potion of invisibility
 o - a potion of cure mutation
 x - 2 potions of resistance
 z - 2 potions of flight
 H - a potion of agility
 U - a potion of curing
Books
 m - a book of Enchantments

   Spells                             Type                      Level
   a - Cause Fear                     Hexes                        4
   b - Silence                        Hexes/Air                    5
   c - Deflect Missiles               Charms/Air                   6
   d - Haste                          Charms                       6
   e - Discord                        Hexes                        8
 v - a book of the Dragon

   Spells                             Type                      Level
   a - Flame Tongue                   Conjuration/Fire             1
   b - Cause Fear                     Hexes                        4
   c - Bolt of Fire                   Conjuration/Fire             6
   d - Dragon Form                    Transmutation                7
   e - Dragon's Call                  Summoning                    9
 N - a book of Minor Magic

   Spells                             Type                      Level
   a - Magic Dart                     Conjuration                  1
   b - Blink                          Translocation                2
   c - Call Imp                       Summoning                    2
   d - Repel Missiles                 Charms/Air                   2
   e - Slow                           Hexes                        2
   f - Conjure Flame                  Conjuration/Fire             3
   g - Mephitic Cloud                 Conjuration/Poison/Air       3
 Q - a book of Debilitation

   Spells                             Type                      Level
   a - Corona                         Hexes                        1
   b - Slow                           Hexes                        2
   c - Gell's Gravitas                Hexes/Translocation          3
   d - Inner Flame                    Hexes/Fire                   3
   e - Cause Fear                     Hexes                        4
   f - Leda's Liquefaction            Hexes/Earth                  4
 S - a book of Cantrips

   Spells                             Type                      Level
   a - Corona                         Hexes                        1
   b - Animate Skeleton               Necromancy                   1
   c - Summon Small Mammal            Summoning                    1
   d - Apportation                    Translocation                1
Comestibles
 e - 5 bread rations
 P - a chunk of flesh
 W - a beef jerky


   Skills:
 + Level 9.8(7.9) Fighting
 * Level 13.7(11.6) Maces & Flails
 + Level 9.6(7.7) Armour
 + Level 9.0(7.1) Dodging
 + Level 10.9(8.9) Shields
 + Level 5.4(3.7) Spellcasting
 + Level 6.1(4.4) Conjurations
 + Level 6.1(4.4) Hexes
 + Level 0.6(0.0) Evocations


You had 12 spell levels left.
You knew the following spells:

 Your Spells              Type           Power        Failure   Level  Hunger
a - Slow                  Hex            ##......     97%         2    ##.....
b - Conjure Flame         Conj/Fire      #.......     100%        3    ###....
c - Silence               Hex/Air        #.........   100%        5    ######.
d - Corona                Hex            ##.....      87%         1    #......


Dungeon Overview and Level Annotations

Branches:
Dungeon (15/15)            Temple (0/1) D:4            Lair (8/8) D:9
  Swamp (0/4) Lair:3        Snake (0/4) Lair:5        Slime (0/6) Lair:8
    Orc (4/4) D:11            Elf (0/3) Orc:4        Vaults (0/5) D:13
 Depths: D:15

Shops:
D:5 !   D:9 [!}   D:14 *   Orc:4 =(

Annotations:
Lair:2 exclusion: oklob plant
Lair:5 Kirke
Lair:8 exclusion: 3 oklob plants
Orc:4 Nergalle


Innate Abilities, Weirdness & Mutations

You have an increased reservoir of magic (+10% MP).
Your attributes are resistant to harm.


Message History

The spectral orc warrior completely resists.
The spectral orc warrior barely misses you.
The spectral orc hits you but does no damage.
You're too confused!
You bump into the stone wall.
The orc sorcerer hits you but does no damage.
The red devil hits you but does no damage.
The spectral orc warrior hits you but does no damage.
Something hits you.
* * * LOW HITPOINT WARNING * * *
Nergalle hits you but does no damage.
You hit something.
The red devil disappears in a puff of smoke!
The orc sorcerer gestures wildly while chanting.
The spectral orc warrior barely misses you.
The spectral orc closely misses you.
The spectral orc warrior hits you but does no damage.
Nergalle casts a spell at you. The bolt of negative energy hits you!
You feel drained.
You die...

#≈..........§ #§.§#
#≈§§..§≈≈≈§≈§ #..≈≈
#§...####≈≈≈# ##....
#≈§)....###≈# ##.....
#§........#≈≈ #......
#≈...≈≈≈..##§
.....3o#####≈..#####.∩#≈
.8...4o#Z.≈≈§...§≈≈..##≈
#...oo@Z............#§≈
#_..o{#Z8.........###≈≈
###8ZZ'Z...§≈≈.8### ≈≈§
......##
≈...##...§≈≈≈≈≈≈≈# §≈≈
.......##
#≈≈≈##≈§≈≈≈≈§≈≈≈≈≈≈#
........######
#####≈≈≈≈≈#####
.........#### ####### .
............. ..
............. .....


You could see Nergalle, 2 spectral orcs, 3 spectral orc warriors, a spectral orc
knight, a sixfirhy, a chaos spawn, an orc sorcerer, an orc wizard and 2 orcs.

Vanquished Creatures
  Gastronok (D:9)
  3 vault guards (D:13)
  The ghost of dricus the Basher, a journeyman MiBe of Trog (D:9)
  A fire dragon (Lair:8)
  The ghost of MixedWithMadness the Cleaver, a journeyman DgFi (D:12)
  2 ogre magi (Orc:4)
  The ghost of PentaManta the Spear-Bearer, a journeyman MfGl of Okawaru (D:14)
  An ice dragon (D:11)
  9 hydras
  A catoblepas (Lair:7)
  A centaur warrior (D:13)
  11 death yaks
  A tengu warrior (D:13)
  A skeletal warrior (D:13)
  3 hill giants
  A wizard (D:14)
  2 unseen horrors
  Pikel (D:9)
  2 griffons
  5 ugly things
  3 orc sorcerers (Orc:4)
  A wolf spider (D:13)
  A cyclops (D:13)
  5 manticores
  8 elephants
  8 black mambas
  The ghost of MixedWithMadness the Shield-Bearer, a novice DgFi (D:6)
  16 spiny frogs
  A kobold demonologist (D:13)
  A redback zombie (D:15)
  4 fire drakes
  11 komodo dragons
  A giant leech (Lair:3)
  4 trolls
  3 freezing wraiths (D:14)
  Grinder (D:6)
  Prince Ribbit (D:6)
  4 slime creatures
  3 two-headed ogres
  42 blink frogs
  A boulder beetle (Lair:8)
  2 deep elf magi
  A human (D:8)
  A shadow (D:11)
  13 yaks
  A wraith (D:13)
  A steam dragon (Lair:8)
  4 hogs (Lair:5)
  3 basilisks (Lair:8)
  3 wyverns
  7 hippogriffs
  3 vampire mosquitoes
  17 water moccasins
  6 mottled dragons
  3 swamp worms (Lair:3)
  A warg (Orc:4)
  10 porcupines
  Duvessa (D:5)
  2 swamp drakes (Lair:8)
  2 ice beasts
  3 black bears
  2 phantoms
  2 necrophages
  5 sky beasts
  13 ogres
  16 orc warriors
  4 big kobolds (Sewer)
  11 centaurs
  23 crocodiles
  Dowan (D:5)
  20 giant frogs
  5 scorpions
  A water moccasin skeleton (D:10)
  8 wights
  20 killer bees
  3 centaur zombies
  A wyvern simulacrum (D:14)
  7 crimson imps
  10 hounds
  2 quasits
  14 iguanas
  4 centaur skeletons
  19 orc priests
  16 jellies
  7 worker ants
  A giant frog skeleton (D:7)
  2 gnoll shamans
  31 orc wizards
  38 sheep
  4 hound skeletons
  2 worker ant zombies
  10 gnolls
  92 river rats
  4 shadow imps
  6 adders
  22 oozes
  6 worms
  3 adder skeletons
  11 giant geckos
  137 orcs
  11 giant cockroaches
  13 goblins
  15 hobgoblins
  19 jackals
  8 kobolds
  3 quokkas
  6 ball pythons
  A ball python skeleton (D:4)
  6 bats
  5 giant newts
  A quokka skeleton (D:4)
  18 rats
942 creatures vanquished.

Vanquished Creatures (others)
  A slave (D:9)
  A hound (D:9)
  An orc wizard (Orc:4)
  An adder (D:9)
  A bush (Lair:7)
  28 fungi
  28 plants
61 creatures vanquished.

Grand Total: 1003 creatures vanquished

Notes
Turn   | Place    | Note
--------------------------------------------------------------
     0 | D:1      | MixedWithMadness the Demigod Fighter began the quest for the Orb.
     0 | D:1      | Reached XP level 1. HP: 18/18 MP: 3/3
   178 | D:1      | Reached XP level 2. HP: 25/25 MP: 4/4
   266 | D:1      | Reached skill level 3 in Armour
   615 | D:1      | Reached XP level 3. HP: 25/30 MP: 5/5
   725 | D:1      | Found a glowing golden altar of the Shining One.
   942 | D:2      | Reached skill level 1 in Dodging
  1150 | D:2      | Found a deep blue altar of Sif Muna.
  1957 | D:3      | Reached XP level 4. HP: 38/38 MP: 6/6
  2067 | D:3      | Noticed an ogre
  2073 | D:3      | Killed an ogre
  2073 | D:3      | Reached XP level 5. HP: 39/45 MP: 7/7
  2177 | D:3      | Found a glowing drain.
  2201 | Sewer    | Entered a sewer
  2663 | Sewer    | Reached XP level 6. HP: 40/52 MP: 8/8
  2772 | Sewer    | Reached skill level 4 in Fighting
  3280 | D:4      | Reached XP level 7. HP: 49/59 MP: 9/9
  3611 | D:4      | Found a staircase to the Ecumenical Temple.
  3819 | D:4      | Found a shadowy altar of Dithmenos.
  3912 | D:5      | Entered Level 5 of the Dungeon
  3960 | D:4      | Got a pitted long sword
  3961 | D:4      | Identified the cursed +1 long sword "Siasos" {drain, +Blink Str+2} (You found it on level 4 of the Dungeon)
  4051 | D:5      | Reached skill level 5 in Maces & Flails
  4342 | D:5      | Found a radiant altar of Vehumet.
  4342 | D:5      | Found a shattered altar of Ashenzari.
  4377 | D:5      | Found Qeetaf's Distillery.
  4380 | D:5      | Noticed Duvessa
  4380 | D:5      | Noticed Dowan
  4396 | D:5      | Killed Duvessa
  4405 | D:5      | Killed Dowan
  4412 | D:5      | Bought 2 potions of heal wounds for 120 gold pieces
  4448 | D:5      | Reached XP level 8. HP: 56/67 MP: 10/10
  4730 | D:6      | Reached skill level 5 in Fighting
  4757 | D:6      | Noticed MixedWithMadness's ghost (novice DgFi)
  4796 | D:6      | Killed MixedWithMadness's ghost
  4796 | D:6      | Reached skill level 6 in Maces & Flails
  4866 | D:6      | Reached skill level 5 in Shields
  4985 | D:6      | Noticed Grinder
  5005 | D:6      | Killed Grinder
  5005 | D:6      | Reached skill level 5 in Armour
  5042 | D:6      | Noticed a hill giant
  5067 | D:6      | Killed a hill giant
  5067 | D:6      | Reached skill level 7 in Maces & Flails
  5067 | D:6      | Reached XP level 9. HP: 41/74 MP: 11/11
  5532 | D:6      | Found an opulent altar of Gozag.
  5583 | D:6      | Noticed Prince Ribbit
  5742 | D:6      | Killed Prince Ribbit
  6455 | D:7      | Reached skill level 5 in Dodging
  6488 | D:7      | Found a burning altar of Makhleb.
  7714 | D:8      | Reached skill level 8 in Maces & Flails
  7786 | D:8      | Found a blossoming altar of Fedhas.
  7792 | D:8      | Found a stormy altar of Qazlal.
  7856 | D:8      | Reached XP level 10. HP: 78/83 MP: 13/13
  8145 | D:8      | Found an iron altar of Okawaru.
  8169 | D:8      | Learned a level 2 spell: Slow
  8173 | D:8      | Learned a level 3 spell: Conjure Flame
  8418 | D:8      | Found a bloodstained altar of Trog.
  8577 | D:8      | Reached skill level 1 in Spellcasting
  8755 | D:9      | Got a spiked ring mail
  8803 | D:9      | Identified the +3 ring mail of Ziyk {rPois Str+3} (You found it on level 9 of the Dungeon)
  8831 | D:9      | Found a glowing golden altar of the Shining One.
  8863 | D:9      | Found Dozukh's Gadget Boutique.
  8868 | D:9      | Reached skill level 1 in Conjurations
  8868 | D:9      | Reached skill level 1 in Hexes
  9012 | D:9      | Found a basalt altar of Yredelemnul.
  9026 | D:9      | Noticed dricus's ghost (journeyman MiBe)
  9044 | D:9      | Killed dricus's ghost
  9062 | D:9      | Learned a level 5 spell: Silence
  9143 | D:9      | Noticed Pikel
  9148 | D:9      | Found Borphahi's Distillery.
  9201 | D:9      | Killed Pikel
  9261 | D:9      | Noticed Gastronok
  9300 | D:9      | Found Kapnuh's Antique Armour Emporium.
  9376 | D:9      | Found a staircase to the Lair.
  9472 | Lair:1   | Entered Level 1 of the Lair of Beasts
 10125 | Lair:1   | Learned a level 1 spell: Corona
 10210 | Lair:1   | Reached XP level 11. HP: 78/91 MP: 19/19
 10883 | Lair:1   | Noticed a four-headed hydra
 10890 | Lair:1   | Killed a four-headed hydra
 10890 | Lair:1   | Reached skill level 9 in Maces & Flails
 11597 | Lair:2   | Noticed an eight-headed hydra
 11702 | D:9      | Gained mutation: Armour fits poorly on your strangely shaped body. [potion of mutation]
 11702 | D:9      | Lost mutation: Armour fits poorly on your strangely shaped body. [potion of mutation]
 11702 | D:9      | Gained mutation: You have a pair of small antennae on your head. [potion of mutation]
 12256 | Lair:2   | Found a shimmering altar of Xom.
 12817 | Lair:3   | Found a staircase to the Swamp.
 14591 | Lair:4   | Reached XP level 12. HP: 30/100 MP: 21/21
 14951 | Lair:4   | Reached skill level 5 in Hexes
 14997 | Lair:4   | Noticed a four-headed hydra
 15013 | Lair:4   | Killed a four-headed hydra
 15347 | Lair:4   | Noticed a five-headed hydra
 15375 | Lair:4   | Killed a five-headed hydra
 15375 | Lair:4   | Reached skill level 5 in Conjurations
 15922 | Lair:5   | Noticed a six-headed hydra
 15930 | Lair:4   | Identified a scroll of acquirement
 16329 | D:10     | Entered Level 10 of the Dungeon
 17174 | D:11     | Got a steaming dagger
 17177 | D:11     | Identified the +4 dagger of Ru's Favour {antimagic, MR++} (You found it on level 11 of the Dungeon)
 17183 | D:11     | Found a roughly hewn altar of Beogh.
 17183 | D:11     | Found a staircase to the Orcish Mines.
 17762 | D:11     | Reached skill level 5 in Spellcasting
 18140 | D:10     | Reached skill level 10 in Maces & Flails
 18294 | D:11     | Got a dull robe
 18295 | D:11     | Identified the +0 robe of Cowardice {*Corrode rF+ Regen+ Int+3} (You found it on level 11 of the Dungeon)
 18448 | D:11     | Noticed an ice dragon
 19461 | D:12     | Noticed MixedWithMadness's ghost (journeyman DgFi)
 20068 | D:9      | Killed Gastronok
 20477 | Lair:5   | Noticed a four-headed hydra
 20480 | Lair:5   | You fall through a shaft!
 21285 | Lair:6   | Noticed a five-headed hydra
 21296 | Lair:6   | Killed a five-headed hydra
 21296 | Lair:6   | Reached XP level 13. HP: 87/107 MP: 25/25
 23400 | Lair:7   | Reached skill level 11 in Maces & Flails
 23991 | Lair:8   | Entered Level 8 of the Lair of Beasts
 26558 | Lair:8   | Reached XP level 14. HP: 28/116 MP: 26/26
 26560 | Lair:8   | Got a twisted ring mail
 26861 | Lair:8   | Identified the +1 ring mail "Jibluzycw" {-Tele rC+ Int+3} (You found it on level 8 of the Lair of Beasts)
 26944 | Lair:8   | Reached skill level 12 in Maces & Flails
 27600 | Lair:8   | Reached skill level 10 in Shields
 28774 | Lair:8   | Found a staircase to the Slime Pits.
 29804 | Lair:5   | Noticed Kirke
 29842 | Lair:5   | Found a staircase to the Snake Pit.
 30286 | D:12     | You fall through a shaft for 3 floors!
 30286 | D:15     | Entered Level 15 of the Dungeon
 30322 | D:14     | Found Gorashryboi's Hallowed Reliquary.
 30322 | D:14     | Found a white marble altar of Elyvilon.
 30322 | D:14     | Noticed PentaManta's ghost (journeyman MfGl)
 30348 | D:14     | Killed PentaManta's ghost
 30356 | D:14     | Bought a potion of cure mutation for 630 gold pieces
 30356 | D:14     | Lost mutation: You have a pair of small antennae on your head. [potion of cure mutation]
 30802 | D:14     | Found a white marble altar of Elyvilon.
 31665 | D:13     | Reached skill level 13 in Maces & Flails
 32963 | D:13     | Found a gate to the Vaults.
 33645 | D:12     | Killed MixedWithMadness's ghost
 34654 | D:11     | Killed an ice dragon
 34789 | Orc:1    | Entered Level 1 of the Orcish Mines
 35430 | Orc:4    | Entered Level 4 of the Orcish Mines
 35430 | Orc:4    | Found Jucwetoch's Jewellery Shoppe.
 35470 | Orc:4    | Bought an uncursed ring of ice for 425 gold pieces
 35827 | Orc:4    | Found a staircase to the Elven Halls.
 36826 | Orc:4    | Found Muopsu Muwu's Antique Weapon Shoppe.
 36867 | Orc:4    | Found an ancient bone altar of Kikubaaqudgha.
 36867 | Orc:4    | Noticed Nergalle
 36920 | Orc:4    | Killed from afar by Nergalle

Action                   |  1- 3 |  4- 6 |  7- 9 | 10-12 | 13-15 || total
-------------------------+-------+-------+-------+-------+-------++-------
Melee: Flail             |   191 |   199 |   640 |  1582 |  2199 ||  4811
Evoke: Wand              |       |       |       |     3 |    17 ||    20
  Use: Scroll            |     7 |       |    12 |    21 |    21 ||    61
       Potion            |       |     1 |    12 |    18 |    11 ||    42
 Stab: Invisible         |       |       |       |     3 |     2 ||     5
       Distracted        |       |       |       |       |     1 ||     1
  Eat: Bread ration      |     1 |       |     2 |       |     6 ||     9
       Beef jerky        |       |     2 |     1 |     3 |     3 ||     9
       Fruit             |       |       |     4 |     7 |       ||    11
       Meat ration       |       |       |     1 |     4 |     2 ||     7
       Pizza             |       |       |       |     9 |       ||     9
       Chunk             |       |       |       |     1 |    11 ||    12
       Royal jelly       |       |       |       |       |     1 ||     1
